TOP OF THE 1ST |
Pocatello Boccabellas batting - Pitching for Greenville 84s : RHP Andrés Vázquez
|
Pitching: RHP Andrés Vázquez
|
|
Batting: RHB José García
|
0-0: Swinging Strike 0-1: Foul Ball, location: 2F 0-2: Strikes out looking
|
Batting: LHB Norberto Muńóz
|
0-0: Fly out, F7 (Flyball, 78M)
|
Batting: RHB Marlon Phipps
|
0-0: Foul Ball, location: 2F 0-1: SINGLE (Groundball, 4D)
|
Batting: SHB Glenn Vadnais
|
0-0: Called Strike 0-1: Ball 1-1: Swinging Strike 1-2: Ball 2-2: Strikes out looking
|
Top of the 1st over - 0 run(s), 1 hit(s), 0 error(s), 1 left on base; Pocatello 0 - Greenville 0 |
BOTTOM OF THE 1ST |
Greenville 84s batting - Pitching for Pocatello Boccabellas : RHP Kiyomitsu Fujii
|
Pitching: RHP Kiyomitsu Fujii
|
|
Batting: RHB Carlos Torres
|
0-0: Foul Ball, location: 2F 0-1: Called Strike 0-2: Ball 1-2: Ball 2-2: Ground out 6-3 (Groundball, 6M)
|
Batting: LHB Kiyonaga Morita
|
0-0: Ball 1-0: Ball 2-0: Called Strike 2-1: Ground out 1-3 (Groundball, 13)
|
Batting: RHB Enzo Díaz
|
0-0: Foul Ball, location: 2F 0-1: Ball 1-1: Ball 2-1: Reached on error, E1 (Groundball, 13S)
|
Batting: LHB Brock Larsen
|
0-0: Ball 1-0: Ball 2-0: SINGLE (Line Drive, 4D) Enzo Díaz to second
|
Batting: LHB Jimmy Vickers
|
0-0: Ball 1-0: Called Strike 1-1: Ball 2-1: Ball 3-1: Foul Ball, location: 2F 3-2: Fly out, F9 (Flyball, 9D)
|
Bottom of the 1st over - 0 run(s), 1 hit(s), 1 error(s), 2 left on base; Pocatello 0 - Greenville 0 |
TOP OF THE 2ND |
Pocatello Boccabellas batting - Pitching for Greenville 84s : RHP Andrés Vázquez
|
Batting: RHB Pedro Guzmán
|
0-0: Fly out, F3 (Popup, 3DF)
|
Batting: LHB Jim Jensen
|
0-0: Ground out 1-3 (Groundball, 15)
|
Batting: RHB José Delgado
|
0-0: Called Strike 0-1: Foul Ball, location: 2F 0-2: Reached on error, E4 (Groundball, 4MD)
|
Batting: RHB Fabrice Brodeur
|
0-0: Ball 1-0: Called Strike 1-1: Ground out 2-3 (Groundball, 2R)
|
Top of the 2nd over - 0 run(s), 0 hit(s), 1 error(s), 1 left on base; Pocatello 0 - Greenville 0 |
BOTTOM OF THE 2ND |
Greenville 84s batting - Pitching for Pocatello Boccabellas : RHP Kiyomitsu Fujii
|
Batting: LHB José Costa
|
0-0: Ball 1-0: Called Strike 1-1: Foul Ball, location: 2F 1-2: Ball 2-2: Ground out 4-3 (Groundball, 4)
|
Batting: RHB Vic Langlois
|
0-0: DOUBLE (Line Drive, 89XD)
|
Batting: RHB Armando Cuevas
|
0-0: Called Strike 0-1: Ball 1-1: Ball 2-1: Ball 3-1: Called Strike 3-2: Ground out 6-3 (Groundball, 6M) Vic Langlois to third
|
Batting: RHB Sugita Ito
|
0-0: Ball 1-0: Called Strike 1-1: Swinging Strike 1-2: Reached on error, E5 (Groundball, 5S) Vic Langlois scores
|
Batting: RHB Carlos Torres
|
0-0: Ball 1-0: Called Strike 1-1: Called Strike Sugita Ito steals 2nd base 1-2: Ball 2-2: Foul Ball, location: 2F 2-2: Ground out 6-3 (Groundball, 6)
|
Bottom of the 2nd over - 1 run(s), 1 hit(s), 1 error(s), 1 left on base; Pocatello 0 - Greenville 1 |
TOP OF THE 3RD |
Pocatello Boccabellas batting - Pitching for Greenville 84s : RHP Andrés Vázquez
|
Batting: SHB Guillermo Ortíz
|
0-0: Ball 1-0: Ball 2-0: Ball 3-0: Called Strike 3-1: Base on Balls
|
Batting: RHB José García
|
0-0: Called Strike 0-1: Foul Ball, location: 2F 0-2: Ball 1-2: Foul Ball, location: 2F 1-2: Grounds into double play, 5-4-3 (Groundball, 56)
|
Batting: LHB Norberto Muńóz
|
0-0: Ball 1-0: Ball 2-0: Foul Ball, location: 2F 2-1: Called Strike 2-2: Ground out U3 (Groundball, 3S)
|
Top of the 3rd over - 0 run(s), 0 hit(s), 0 error(s), 0 left on base; Pocatello 0 - Greenville 1 |
BOTTOM OF THE 3RD |
Greenville 84s batting - Pitching for Pocatello Boccabellas : RHP Kiyomitsu Fujii
|
Batting: LHB Kiyonaga Morita
|
0-0: Ball 1-0: Foul Ball, location: 2F 1-1: Foul Ball, location: 2F 1-2: SOLO HOME RUN (Flyball, 78D), Distance : 389 ft
|
Batting: RHB Enzo Díaz
|
0-0: Foul Ball, location: 2F 0-1: Ball 1-1: Ground out 5-3 (Groundball, 56S)
|
Batting: LHB Brock Larsen
|
0-0: Ball 1-0: Ball 2-0: Ball 3-0: Called Strike 3-1: Base on Balls
|
Batting: LHB Jimmy Vickers
|
0-0: Swinging Strike 0-1: SINGLE (Line Drive, 78S) Brock Larsen to second
|
Batting: LHB José Costa
|
0-0: Ball 1-0: Foul Ball, location: 2F 1-1: Ball 2-1: Ball 3-1: Foul Ball, location: 2F 3-2: Foul Ball, location: 2F 3-2: Fly out, F7 (Line Drive, 7S)
|
Batting: RHB Vic Langlois
|
0-0: Ball 1-0: Called Strike 1-1: Called Strike 1-2: Ball 2-2: Strikes out swinging
|
Bottom of the 3rd over - 1 run(s), 2 hit(s), 0 error(s), 2 left on base; Pocatello 0 - Greenville 2 |
TOP OF THE 4TH |
Pocatello Boccabellas batting - Pitching for Greenville 84s : RHP Andrés Vázquez
|
Batting: RHB Marlon Phipps
|
0-0: Ball 1-0: Ball 2-0: SOLO HOME RUN (Line Drive, 7D), Distance : 372 ft
|
Batting: SHB Glenn Vadnais
|
0-0: Ball 1-0: Called Strike 1-1: Ball 2-1: Ball 3-1: Swinging Strike 3-2: Strikes out looking
|
Batting: RHB Pedro Guzmán
|
0-0: Fly out, F7 (Flyball, 78S)
|
Batting: LHB Jim Jensen
|
0-0: Called Strike 0-1: Called Strike 0-2: Ball 1-2: Foul Ball, location: 2F 1-2: Ground out 3-1 (Groundball, 34)
|
Top of the 4th over - 1 run(s), 1 hit(s), 0 error(s), 0 left on base; Pocatello 1 - Greenville 2 |
BOTTOM OF THE 4TH |
Greenville 84s batting - Pitching for Pocatello Boccabellas : RHP Kiyomitsu Fujii
|
Batting: RHB Armando Cuevas
|
0-0: Called Strike 0-1: SINGLE (Groundball, 34)
|
Batting: RHB Sugita Ito
|
0-0: Ball 1-0: Ball 2-0: Called Strike 2-1: Swinging Strike 2-2: Grounds into double play, 5-4-3 (Groundball, 5L)
|
Batting: RHB Carlos Torres
|
0-0: Ground out 4-3 (Groundball, 4)
|
Bottom of the 4th over - 0 run(s), 1 hit(s), 0 error(s), 0 left on base; Pocatello 1 - Greenville 2 |
TOP OF THE 5TH |
Pocatello Boccabellas batting - Pitching for Greenville 84s : RHP Andrés Vázquez
|
Batting: RHB José Delgado
|
0-0: Ball 1-0: Foul Ball, location: 2F 1-1: Swinging Strike 1-2: Strikes out swinging
|
Batting: RHB Fabrice Brodeur
|
0-0: Ball 1-0: Ball 2-0: Called Strike 2-1: Ball 3-1: Foul Ball, location: 2F 3-2: Strikes out looking
|
Batting: SHB Guillermo Ortíz
|
0-0: Swinging Strike 0-1: Called Strike 0-2: Strikes out swinging
|
Top of the 5th over - 0 run(s), 0 hit(s), 0 error(s), 0 left on base; Pocatello 1 - Greenville 2 |
BOTTOM OF THE 5TH |
Greenville 84s batting - Pitching for Pocatello Boccabellas : RHP Kiyomitsu Fujii
|
Batting: LHB Kiyonaga Morita
|
0-0: Ball 1-0: Called Strike 1-1: Ball 2-1: Fly out, F3 (Line Drive, 3)
|
Batting: RHB Enzo Díaz
|
0-0: Called Strike 0-1: Called Strike 0-2: Ball 1-2: Ball 2-2: Ball 3-2: Base on Balls
|
Batting: LHB Brock Larsen
|
0-0: Called Strike 0-1: 2-RUN HOME RUN (Flyball, 89XD), Distance : 424 ft
|
Batting: LHB Jimmy Vickers
|
0-0: Ground out 1-3 (Groundball, 13S)
|
Batting: LHB José Costa
|
0-0: Called Strike 0-1: Called Strike 0-2: SOLO HOME RUN (Flyball, 89XD), Distance : 433 ft
|
Batting: RHB Vic Langlois
|
0-0: Ball 1-0: Foul Ball, location: 2F 1-1: Foul Ball, location: 2F 1-2: Foul Ball, location: 2F 1-2: Ball 2-2: Foul Ball, location: 2F 2-2: Strikes out swinging
|
Bottom of the 5th over - 3 run(s), 2 hit(s), 0 error(s), 0 left on base; Pocatello 1 - Greenville 5 |
TOP OF THE 6TH |
Pocatello Boccabellas batting - Pitching for Greenville 84s : RHP Andrés Vázquez
|
Batting: RHB José García
|
0-0: Called Strike 0-1: Ball 1-1: Ball 2-1: Ground out 4-3 (Groundball, 4M)
|
Batting: LHB Norberto Muńóz
|
0-0: Called Strike 0-1: Foul Ball, location: 2F 0-2: Ball 1-2: SINGLE (Groundball, 4MD)
|
Batting: RHB Marlon Phipps
|
0-0: Ball 1-0: SINGLE (Line Drive, 4MD) Norberto Muńóz to second
|
Batting: SHB Glenn Vadnais
|
0-0: Ball 1-0: Foul Ball, location: 2F 1-1: Foul Ball, location: 2F 1-2: Strikes out looking
|
Batting: RHB Pedro Guzmán
|
0-0: Called Strike 0-1: Ball 1-1: Ball 2-1: 3-RUN HOME RUN (Flyball, 78XD), Distance : 398 ft
|
Batting: LHB Jim Jensen
|
0-0: Called Strike 0-1: Called Strike 0-2: Ball 1-2: Fly out, F5 (Popup, 25F)
|
Top of the 6th over - 3 run(s), 3 hit(s), 0 error(s), 0 left on base; Pocatello 4 - Greenville 5 |
BOTTOM OF THE 6TH |
Greenville 84s batting - Pitching for Pocatello Boccabellas : RHP Kiyomitsu Fujii
|
Pitching: RHP Jaime Espinoza
|
|
Batting: RHB Armando Cuevas
|
0-0: Ball 1-0: Ball 2-0: Ground out 6-3 (Groundball, 6)
|
Batting: RHB Sugita Ito
|
0-0: Foul Ball, location: 2F 0-1: Foul Ball, location: 2F 0-2: SOLO HOME RUN (Flyball, 7LD), Distance : 367 ft
|
Batting: RHB Carlos Torres
|
0-0: Ball 1-0: Called Strike 1-1: Ball 2-1: Ball 3-1: SINGLE (Groundball, 6MD)
|
Batting: LHB Kiyonaga Morita
|
0-0: Ball 1-0: Ball 2-0: Called Strike 2-1: Called Strike 2-2: Fly out, F7 (Flyball, 78S)
|
Batting: RHB Enzo Díaz
|
0-0: Fly out, F3 (Popup, 3F)
|
Bottom of the 6th over - 1 run(s), 2 hit(s), 0 error(s), 1 left on base; Pocatello 4 - Greenville 6 |
TOP OF THE 7TH |
Pocatello Boccabellas batting - Pitching for Greenville 84s : RHP Andrés Vázquez
|
Batting: RHB José Delgado
|
0-0: Ball 1-0: Ball 2-0: Fly out, F8 (Flyball, 8RD)
|
Batting: RHB Fabrice Brodeur
|
0-0: Ground out 1-3 (Groundball, 23)
|
Batting: SHB Guillermo Ortíz
|
0-0: Ball 1-0: Swinging Strike 1-1: Foul Ball, location: 2F 1-2: Ball 2-2: Strikes out swinging
|
Top of the 7th over - 0 run(s), 0 hit(s), 0 error(s), 0 left on base; Pocatello 4 - Greenville 6 |
BOTTOM OF THE 7TH |
Greenville 84s batting - Pitching for Pocatello Boccabellas : RHP Jaime Espinoza
|
Batting: LHB Brock Larsen
|
0-0: Called Strike 0-1: Ground out 5-3 (Groundball, 56)
|
Batting: LHB Jimmy Vickers
|
0-0: Foul Ball, location: 2F 0-1: Ball 1-1: Foul Ball, location: 2F 1-2: Ball 2-2: SINGLE (Groundball, 4MD)
|
Batting: LHB José Costa
|
0-0: Ball 1-0: Ground out 5-3 (Groundball, 5S) Jimmy Vickers to second
|
Batting: RHB Vic Langlois
|
0-0: Ball 1-0: Called Strike 1-1: Ground out 1-3 (Groundball, 15S)
|
Bottom of the 7th over - 0 run(s), 1 hit(s), 0 error(s), 1 left on base; Pocatello 4 - Greenville 6 |
TOP OF THE 8TH |
Pocatello Boccabellas batting - Pitching for Greenville 84s : RHP Andrés Vázquez
|
Pitching: RHP Pierre Deschęnes
|
|
Batting: RHB José García
|
0-0: Foul Ball, location: 2F 0-1: Foul Ball, location: 2F 0-2: Ball 1-2: Strikes out swinging
|
Batting: LHB Norberto Muńóz
|
0-0: Ball 1-0: Ball 2-0: Ball 3-0: Swinging Strike 3-1: Foul Ball, location: 2F 3-2: Strikes out swinging
|
Batting: RHB Marlon Phipps
|
0-0: Ball 1-0: Called Strike 1-1: Ball 2-1: Foul Ball, location: 2F 2-2: Ball 3-2: Base on Balls
|
Pitching: RHP Ángel Lara
|
|
Batting: SHB Glenn Vadnais
|
0-0: Ground out 3-1 (Groundball, 3)
|
Top of the 8th over - 0 run(s), 0 hit(s), 0 error(s), 1 left on base; Pocatello 4 - Greenville 6 |
BOTTOM OF THE 8TH |
Greenville 84s batting - Pitching for Pocatello Boccabellas : RHP Jaime Espinoza
|
Pitching: RHP Jesse Moser
|
|
Batting: RHB Armando Cuevas
|
0-0: Called Strike 0-1: Ball 1-1: Fly out, F9 (Flyball, 9LS)
|
Batting: RHB Sugita Ito
|
0-0: Swinging Strike 0-1: Ground out 6-3 (Groundball, 6M)
|
Batting: RHB Carlos Torres
|
0-0: Ball 1-0: Foul Ball, location: 2F 1-1: Swinging Strike 1-2: Ball 2-2: Foul Ball, location: 2F 2-2: Ball 3-2: Foul Ball, location: 2F 3-2: Fly out, F9 (Flyball, 89S)
|
Bottom of the 8th over - 0 run(s), 0 hit(s), 0 error(s), 0 left on base; Pocatello 4 - Greenville 6 |
TOP OF THE 9TH |
Pocatello Boccabellas batting - Pitching for Greenville 84s : RHP Ángel Lara
|
Pitching: LHP Francisco Ríos
|
|
Batting: RHB Pedro Guzmán
|
0-0: Ball 1-0: Ground out 5-3 (Groundball, 5L)
|
Batting: LHB Jim Jensen
|
0-0: Foul Ball, location: 2F 0-1: Ball 1-1: Ball 2-1: Foul Ball, location: 2F 2-2: Ground out 4-3 (Groundball, 4)
|
Batting: RHB José Delgado
|
0-0: Foul Ball, location: 2F 0-1: Fly out, F8 (Flyball, 8LD)
|
Top of the 9th over - 0 run(s), 0 hit(s), 0 error(s), 0 left on base; Pocatello 4 - Greenville 6 |
|